 Dungeon Crawl Stone Soup version 0.28.0-43-g3370ac3207 (webtiles) character file.

Game seed: 17529691415866024154

69 pkoi the Ruffian (level 4, -1/44 HPs)
             Began as a Troll Monk on Mar 22, 2022.
             Succumbed to a water moccasin's poison
             ... on level 5 of the Dungeon.
             The game lasted 00:01:29 (1951 turns).

pkoi the Ruffian (Troll Monk)                       Turns: 1951, Time: 00:01:29

Health: -1/44      AC:  4    Str: 21    XL:     4   Next: 2%
Magic:  3/3        EV: 10    Int:  6    God:
Gold:   123        SH:  0    Dex: 12    Spells: 3/3 levels left

rFire   . . .      SeeInvis .     - Unarmed
rCold   . . .      Faith    .   (no shield)
rNeg    . . .      Spirit   .   a - +0 robe
rPois   .          Reflect  .   (helmet restricted)
rElec   .          Harm     .   (no cloak)
rCorr   .          Rampage  .   (gloves unavailable)
Will    .....                   (boots unavailable)
Stlth   ++........              (no amulet)
HPRegen 0.94/turn               (no ring)
MPRegen 0.08/turn               (no ring)

@: brilliant, lethally poisoned (-1 -> -11)
A: large, unfitting armour, claws 3, regeneration 1, shaggy fur 1, tough skin 1
a: no special abilities


You were on level 5 of the Dungeon.
You visited 1 branch of the dungeon, and saw 4 of its levels.

You collected 123 gold pieces.

Inventory:

Missiles
 h - 5 poisoned darts (quivered)
Armour
 a - a +0 robe (worn)
Jewellery
 e - a ring of magical power
 f - an amulet of guardian spirit
Scrolls
 b - a scroll of enchant armour {unknown}
 c - a scroll of noise {unknown}
 j - a scroll of identify {unknown}
 k - a scroll of holy word {unknown}
 l - a scroll of immolation {unknown}


   Skills:
 - Level 2.4 Fighting
 + Level 1.2 Throwing
 - Level 2.4 Dodging
 - Level 1.0 Stealth
 * Level 4.6 Unarmed Combat


You had 3 spell levels left.
You didn't know any spells.
Your spell library was empty.

Dungeon Overview and Level Annotations

Branches:
Dungeon (3/15)

Altars:


Innate Abilities, Weirdness & Mutations

You are too large for most types of armour.
You have claws for hands.
Your natural rate of healing is unusually fast.
You are covered in fur. (AC +1)
You have tough skin. (AC +1)


Message History

You scratch the water moccasin.
The water moccasin is moderately wounded.
The water moccasin completely misses you.
The water moccasin barely misses you.
You closely miss the water moccasin.
The water moccasin is lightly wounded.
The water moccasin bites you.
* * * LOW HITPOINT WARNING * * *
You claw the water moccasin!
The water moccasin is severely wounded.
The water moccasin skeleton bites you.
* * * LOW HITPOINT WARNING * * *
The water moccasin closely misses you.
Unknown command.
You closely miss the water moccasin.
The water moccasin is severely wounded.
The water moccasin skeleton closely misses you.
The water moccasin bites you.
* * * LOW HITPOINT WARNING * * *
You are poisoned.
The water moccasin poisons you! The water moccasin skeleton bites you.
* * * LOW HITPOINT WARNING * * *
You closely miss the water moccasin.
The water moccasin is severely wounded.
* * * LOW HITPOINT WARNING * * *
You feel very sick. The water moccasin closely misses you.
The water moccasin bites you but does no damage.
The water moccasin skeleton bites you.
* * * LOW HITPOINT WARNING * * *
You feel better. The water moccasin bites you.
* * * LOW HITPOINT WARNING * * *
You are lethally poisoned!
The water moccasin poisons you! The water moccasin skeleton bites you.
* * * LOW HITPOINT WARNING * * *
As you read the scroll labelled KAURUI REOLL, it crumbles to dust.
You assume a fearsome visage.
The water moccasin looks frightened!
The water moccasin skeleton is unaffected.
The bullfrog zombie is unaffected.
It was a scroll of fear.
You die...

#.#
#######.#
........#
........#
........#
........#
..$....Z#
#@#
...######S#
......Z..Z#
.$......###
...####.# .
#.# ..# ..#
##.#


You could see a water moccasin (fleeing), a bullfrog zombie and a water moccasin
skeleton.

Vanquished Creatures
  An iguana (D:5)
  A worm (D:2)
  7 bats
  3 endoplasms
  2 hobgoblins
  3 jackals (D:1)
  2 kobolds (D:2)
  2 quokkas (D:2)
  2 ball pythons (D:2)
  2 frilled lizards
  A goblin (D:2)
  16 rats
42 creatures vanquished.

Notes
Turn   | Place    | Note
-------+----------+-------------------------------------------
     0 | D:1      | pkoi the Troll Monk began the quest for the Orb.
     0 | D:1      | Reached XP level 1. HP: 22/22 MP: 0/0
   153 | D:1      | Reached XP level 2. HP: 26/29 MP: 1/1
   212 | D:1      | Found a faded altar of an unknown god.
  1045 | D:2      | Reached skill level 4 in Unarmed Combat
  1189 | D:2      | Reached XP level 3. HP: 35/36 MP: 2/2
  1933 | D:3      | You fall into a shaft and drop 2 floors!
  1933 | D:5      | Entered Level 5 of the Dungeon
  1933 | D:5      | Noticed a water moccasin
  1941 | D:5      | Reached skill level 1 in Throwing
  1941 | D:5      | Reached XP level 4. HP: 21/44 MP: 3/3
  1949 | D:5      | HP: 1/44 [water moccasin skeleton (4)]
  1951 | D:5      | Succumbed to a water moccasin's poison

Illustrated notes

Levels and vault maps discovered:
D:1:      matt_arrival_spirals, layout_basic,
          shapermc_ecumenical_altar_mp_urbaneastern
D:2:      minmay_alternating_diamond, layout_loops_corners,
          minmay_rat_gold_closets
D:3:      layout_basic, mainiacjoe_overflow_tiny_flanked, uniq_sigmund
D:5:      kennysheep_steamy, layout_basic, chequers_serial_rivers_large_a

Skill      XL: |  1  2  3 |
---------------+----------+-----
Unarmed Combat | 4 |  4.6
Throwing       | 1 |  1.2
Fighting       | |  2.4
Dodging        | |  2.4
Stealth        | |  1.0

Action                   |  1- 3 |  4- 6 || total
-------------------------+-------+-------++-------
Melee: Unarmed           |    87 |     5 ||    92
       Punch             |     1 |       ||     1
  Use: Potion            |       |     3 ||     3
       Scroll            |       |     1 ||     1
 Stab: Sleeping          |     4 |       ||     4
Armor: Robe              |    26 |     1 ||    27
Dodge: Dodged            |    46 |     6 ||    52
